[Event "Saturday Night Engine Tour 13 rd Swiss 5m+1s Starts at 2200hrs ST"]
[Site "Infinity Chess"]
[Date "2018.1.13"]
[Round "2"]
[White "MrScience"]
[Black "BlitzMaster"]
[Result "1/2-1/2"]
[ECO "C77"]
[WhiteElo "2543"]
[BlackElo "2568"]
[WhiteEngine "BrainFish_x64_modern"]
[BlackEngine "stockfish_18010422_x64_modern_CTG"]
[EventType "Swiss"]
[WhiteTeam ""]
[BlackTeam ""]
[PlyCount "131"]
[TimeControl "300+1"]

1. e4 e5 2. Nf3 Nc6 3. Bb5 a6 4. Ba4 Nf6 5. O-O Be7 6. Re1 b5 7. Bb3 O-O 
8. c3 d5 9. exd5 Nxd5 10. Nxe5 Nxe5 11. Rxe5 c6 12. Re1 Bd6 13. d3 Bf5 
14. Qf3 Qh4 15. g3 Qh3 16. Be3 Bxd3 17. Nd2 Qf5 18. Bd4 Rae8 19. a4 h6 
20. Kg2 Qxf3+ 21. Kxf3 Rxe1 22. Rxe1 bxa4 23. Bxa4 c5 24. Be5 Bxe5 25. Rxe5 Nb6 
26. Be8 Bc4 27. Nxc4 Nxc4 28. Rxc5 Nxb2 29. Bd7 Rd8 30. Rc7 Kf8 31. Ke2 g6 
32. f3 h5 33. f4 a5 34. Ra7 f5 35. Bb5 Nd1 36. c4 Nc3+ 37. Kf3 Rd2 38. Ra8+ Kg7 
39. Ra7+ Kf6 40. Ra6+ Kg7 41. Ke3 Rxh2 42. Rxa5 Rh3 43. c5 Nxb5 44. Rxb5 Rxg3+ 
45. Kd4 Kf6 46. c6 Ke7 47. Kd5 h4 48. Rb7+ Kd8 49. Rd7+ Kc8 50. Rh7 h3 
51. Rh8+ Kc7 52. Rh7+ Kc8 53. Ke6 h2 54. Rxh2 Kc7 55. Rh1 Kxc6 56. Ra1 Kc5 
57. Kf6 Kd4 58. Rb1 Ke4 59. Rb4+ Kd5 60. Rb1 Rg2 61. Ra1 Rg3 62. Rb1 Re3 
63. Ra1 Ke4 64. Rb1 Kxf4 65. Kxg6 Kg3 66. Kxf5 1/2-1/2

[Event "Saturday Night Engine Tour 13 rd Swiss 5m+1s Starts at 2200hrs ST"]
[Site "Infinity Chess"]
[Date "2018.1.13"]
[Round "2"]
[White "SkyPilot"]
[Black "Thor"]
[Result "1/2-1/2"]
[ECO "B32"]
[WhiteElo "2594"]
[BlackElo "2638"]
[WhiteEngine "stockfish_x64_bmi2_2018_01_01_CTG"]
[BlackEngine "asmFishW_2017-11-19_bmi2"]
[EventType "Swiss"]
[WhiteTeam ""]
[BlackTeam ""]
[PlyCount "101"]
[TimeControl "300+1"]

1. e4 c5 2. Nf3 Nc6 3. d4 cxd4 4. Nxd4 e5 5. Nb5 d6 6. N1c3 Nf6 7. Bg5 a6 
8. Na3 b5 9. Nd5 Be7 10. Bxf6 Bxf6 11. c3 Rb8 12. Nc2 Bg5 13. a4 bxa4 
14. Ncb4 Nxb4 15. Nxb4 Bd7 16. Bxa6 Qa5 17. Qxd6 Rb6 18. Qd3 Be6 19. Bc4 Rxb4 
20. Bxe6 Rd4 21. Qf3 O-O 22. Bd5 Bd2+ 23. Ke2 Qa6+ 24. c4 Bb4 25. Rhd1 Rxd1 
26. Rxd1 Bc5 27. Rd2 g6 28. g4 Kg7 29. Kf1 Qa5 30. Rc2 Qc7 31. Rc3 Qe7 
32. Qg3 Bd4 33. Rc2 Rb8 34. c5 Bxb2 35. c6 a3 36. g5 Rc8 37. h4 Rc7 38. Qf3 Bd4 
39. Kg2 h6 40. gxh6+ Kxh6 41. Qg3 Kh7 42. Qg5 Qxg5+ 43. hxg5 Kg7 44. Kf3 f5 
45. gxf6+ Kxf6 46. Ke2 Ke7 47. f3 Rc8 48. Kd3 Bb2 49. Rg2 Rxc6 50. Bxc6 a2 
51. Rg1 1/2-1/2

[Event "Saturday Night Engine Tour 13 rd Swiss 5m+1s Starts at 2200hrs ST"]
[Site "Infinity Chess"]
[Date "2018.1.13"]
[Round "1"]
[White "RonWeasley"]
[Black "Dovahkiin"]
[Result "1-0"]
[ECO "B02"]
[WhiteElo "2519"]
[BlackElo "2403"]
[WhiteEngine "BrainFish 060118_CTG"]
[BlackEngine "BrainFish_180106_x64_modern_CTG"]
[EventType "Swiss"]
[WhiteTeam ""]
[BlackTeam ""]
[PlyCount "78"]
[TimeControl "300+1"]

1. e4 Nf6 2. e5 Nd5 3. c4 Nb6 4. d4 d6 5. exd6 cxd6 6. Nc3 g6 7. Be3 Bg7 
8. b3 O-O 9. Rc1 e5 10. dxe5 dxe5 11. c5 N6d7 12. Bc4 Qa5 13. Nge2 Nc6 
14. a3 Rd8 15. b4 Qxa3 16. Nb5 Qxb4+ 17. Bd2 Qxc5 18. Bxf7+ Kxf7 19. Qb3+ Kf8 
20. Rxc5 Nxc5 21. Qa3 b6 22. Be3 Kg8 23. O-O Bf8 24. Bxc5 Bxc5 25. Qf3 Bd7 
26. Ng3 Kg7 27. Ne4 Rf8 28. Qg3 Be7 29. Rc1 Rad8 30. h3 Rf7 31. Nbd6 Rf4 
32. Qb3 Bxd6 33. Nxd6 Rdf8 34. f3 Rd4 35. Nb5 Rd2 36. Qa3 Rf7 37. Nd6 Rf8 
38. Ne4 Rd4 39. Rxc6 Rd1+ 1-0

[Event "Saturday Night Engine Tour 13 rd Swiss 5m+1s Starts at 2200hrs ST"]
[Site "Infinity Chess"]
[Date "2018.1.13"]
[Round "1"]
[White "KULLANI"]
[Black "Vimtiroba"]
[Result "1/2-1/2"]
[ECO "C50"]
[WhiteElo "2456"]
[BlackElo "2527"]
[WhiteEngine "BrainFish_180106_x64_CTG"]
[BlackEngine "SF@130118_CTG"]
[EventType "Swiss"]
[WhiteTeam ""]
[BlackTeam ""]
[PlyCount "103"]
[TimeControl "300+1"]

1. e4 e5 2. Nf3 Nc6 3. Bc4 Bc5 4. d3 Nf6 5. c3 d6 6. O-O a5 7. Bg5 Ba7 8. Re1 h6 
9. Bh4 O-O 10. Nbd2 g5 11. Bg3 Nh7 12. h3 g4 13. hxg4 Bxg4 14. Qa4 Qf6 
15. Bb5 Ng5 16. Nh4 Ne7 17. Bd7 Be6 18. Nhf3 Ng6 19. d4 Rfd8 20. Bxe6 Nxe6 
21. dxe5 dxe5 22. Nc4 Nef4 23. Qb5 Qe6 24. Ne3 c6 25. Qf1 Bxe3 26. Rxe3 Kh7 
27. Bxf4 Nxf4 28. g3 f6 29. Kh1 Qh3+ 30. Qxh3 Nxh3 31. Kg2 Ng5 32. a4 Kg6 
33. Rb1 Nxf3 34. Kxf3 Rd2 35. Re2 Rad8 36. Rxd2 Rxd2 37. b4 Rd3+ 38. Kg2 axb4 
39. cxb4 Ra3 40. a5 Kg5 41. Kh3 Kh5 42. Kh2 Ra2 43. Kg2 Kg6 44. Kf3 Ra3+ 
45. Ke2 Ra2+ 46. Kf3 Ra3+ 47. Ke2 h5 48. Rc1 Ra2+ 49. Ke3 Ra3+ 50. Ke2 Ra2+ 
51. Ke3 Ra3+ 52. Ke2 1/2-1/2

[Event "Saturday Night Engine Tour 13 rd Swiss 5m+1s Starts at 2200hrs ST"]
[Site "Infinity Chess"]
[Date "2018.1.13"]
[Round "1"]
[White "MrScience"]
[Black "KillBill2017"]
[Result "1-0"]
[ECO "C77"]
[WhiteElo "2530"]
[BlackElo "2458"]
[WhiteEngine "BrainFish_x64_modern"]
[BlackEngine "asmFishW_2018-01-12_popcnt_CTG"]
[EventType "Swiss"]
[WhiteTeam ""]
[BlackTeam ""]
[PlyCount "173"]
[TimeControl "300+1"]

1. e4 e5 2. Nf3 Nc6 3. Bb5 a6 4. Ba4 Nf6 5. O-O Be7 6. Re1 b5 7. Bb3 O-O 
8. c3 d6 9. h3 Bb7 10. d4 Re8 11. Nbd2 Bf8 12. a3 h6 13. Bc2 Nb8 14. b3 Nbd7 
15. Bb2 g6 16. a4 Nh5 17. Nf1 c6 18. Qd2 Qc7 19. Ne3 Nhf6 20. Rad1 Rab8 
21. Ba1 Qb6 22. b4 Rbd8 23. a5 Qc7 24. c4 Bg7 25. Qc3 exd4 26. Nxd4 c5 
27. cxb5 Nxe4 28. Bxe4 Rxe4 29. Qc1 Rc8 30. Ndf5 gxf5 31. Bxg7 cxb4 32. Qb2 Qc5 
33. Bxh6 Qe5 34. Qb1 Rc5 35. f3 Rd4 36. Ng4 Rxd1 37. Qxd1 Qg3 38. Re8+ Kh7 
39. Qd4 Re5 40. Nxe5 Nxe5 41. Kf1 Bxf3 42. Qf2 Qxf2+ 43. Kxf2 Be4 44. bxa6 Kxh6 
45. a7 b3 46. a8=Q Bxa8 47. Rxa8 Nc6 48. Ra6 b2 49. Rb6 Nxa5 50. Rxb2 Nc4 
51. Rb4 Ne5 52. Rd4 f4 53. Rxd6+ Kg5 54. g3 fxg3+ 55. Kxg3 Kf5 56. h4 f6 
57. Rd8 Kg6 58. Kf4 Kh6 59. Rh8+ Kg7 60. Rh5 Nd3+ 61. Ke4 Nf2+ 62. Kf3 Nd3 
63. Rf5 Ne5+ 64. Kf4 Ng6+ 65. Kg3 Ne7 66. Rb5 Ng8 67. h5 Nh6 68. Rb3 Kf7 
69. Rb7+ Ke6 70. Kf4 Ng8 71. Rh7 Ne7 72. h6 Ng6+ 73. Kg3 f5 74. Ra7 Ke5 
75. h7 Kd5 76. Ra8 f4+ 77. Kh3 f3 78. h8=Q f2 79. Qf6 f1=Q+ 80. Qxf1 Ke6 
81. Ra6+ Ke5 82. Qb5+ Kd4 83. Ra4+ Kc3 84. Qc4+ Kd2 85. Ra2+ Ke3 86. Re2+ Kf3 
87. Qe4# 1-0

[Event "Saturday Night Engine Tour 13 rd Swiss 5m+1s Starts at 2200hrs ST"]
[Site "Infinity Chess"]
[Date "2018.1.13"]
[Round "1"]
[White "Cepri"]
[Black "Gilgamesch"]
[Result "1/2-1/2"]
[ECO "D30"]
[WhiteElo "2462"]
[BlackElo "2545"]
[WhiteEngine "asmFishW_12J18Mb_CTG"]
[BlackEngine "BrainFish_171005_x64_bmi2"]
[EventType "Swiss"]
[WhiteTeam ""]
[BlackTeam ""]
[PlyCount "171"]
[TimeControl "300+1"]

1. d4 d5 2. c4 e6 3. Nf3 Nf6 4. Nc3 c6 5. Bg5 h6 6. Bxf6 Qxf6 7. e3 Nd7 
8. Be2 Qd8 9. Qc2 Be7 10. Rc1 a6 11. O-O O-O 12. c5 Qc7 13. h3 e5 14. dxe5 Rd8 
15. Na4 Nxe5 16. Nd4 Nd7 17. b4 Bf6 18. Bd3 Rb8 19. Rfe1 Re8 20. Nf5 Ne5 
21. Nd6 Rd8 22. Bh7+ Kf8 23. Nxc8 Rdxc8 24. Bf5 Re8 25. Qb3 Rbd8 26. a3 g6 
27. Bc2 Nd7 28. Rcd1 a5 29. bxa5 Ra8 30. Rb1 Rxa5 31. Qxb7 Qxb7 32. Rxb7 Nxc5 
33. Nxc5 Rxc5 34. Bb3 Re7 35. Rxe7 Kxe7 36. Rb1 Be5 37. Kf1 h5 38. Ke2 h4 
39. Bd1 g5 40. Rb7+ Ke6 41. Bb3 f5 42. Kd2 Bc3+ 43. Kd1 Be5 44. Kd2 Kd6 
45. Rf7 Rc3 46. Rb7 f4 47. a4 Rc5 48. Bd1 Bc3+ 49. Ke2 Rc4 50. Rf7 Ke6 
51. Rc7 Kd6 52. Rf7 Re4 53. Bc2 Re6 54. Bf5 Re5 55. Kd3 Be1 56. Ke2 Bc3 
57. Kd3 Be1 58. Ke2 Bb4 59. Kd3 c5 60. Rd7+ Kc6 61. Rf7 Be1 62. Ke2 Ba5 
63. Kd3 Be1 64. Ke2 Ba5 65. Kd3 Bb6 66. Rf6+ Kb7 67. exf4 c4+ 68. Kc3 gxf4 
69. Bg4 Re4 70. Kb4 c3+ 71. Kb3 Ba5 72. Bf3 Rb4+ 73. Kc2 Rb2+ 74. Kc1 Rxf2 
75. Bxd5+ Ka7 76. Rc6 Bb4 77. Be4 Re2 78. Rc4 Ba3+ 79. Kd1 Rd2+ 80. Ke1 Bd6 
81. Kf1 Be5 82. Ke1 Ra2 83. Kd1 Rd2+ 84. Ke1 Rb2 85. Kd1 Rd2+ 86. Ke1 1/2-1/2

[Event "Saturday Night Engine Tour 13 rd Swiss 5m+1s Starts at 2200hrs ST"]
[Site "Infinity Chess"]
[Date "2018.1.13"]
[Round "1"]
[White "BlitzMaster"]
[Black "incredible"]
[Result "1-0"]
[ECO "B28"]
[WhiteElo "2556"]
[BlackElo "2466"]
[WhiteEngine "stockfish_18010422_x64_modern_CTG"]
[BlackEngine "stockfish_18011309_x64_bmi2"]
[EventType "Swiss"]
[WhiteTeam ""]
[BlackTeam ""]
[PlyCount "229"]
[TimeControl "300+1"]

1. e4 c5 2. Nf3 a6 3. c4 e6 4. Be2 Qb6 5. b3 Nc6 6. Bb2 Nf6 7. e5 Ng4 8. h3 Nh6 
9. Nc3 Nf5 10. O-O Nfd4 11. Ne4 Qc7 12. Nxd4 Nxd4 13. Bxd4 cxd4 14. f4 d6 
15. Nxd6+ Bxd6 16. exd6 Qxd6 17. Qe1 O-O 18. Bf3 f6 19. Rc1 Qc5 20. d3 a5 
21. Rf2 Ra6 22. Bg4 Re8 23. Re2 h6 24. Bf3 Ra7 25. Qg3 b6 26. Qg6 Rae7 
27. Be4 f5 28. Bf3 Rf8 29. Qg3 Qd6 30. Re5 Rc7 31. Qe1 Kf7 32. Rb1 Bd7 
33. h4 Rg8 34. h5 Rgc8 35. g3 Rc5 36. Re2 Re8 37. a3 Bc6 38. Bxc6 Rxc6 
39. a4 Rg8 40. b4 axb4 41. Qxb4 Qc7 42. Re5 Ra8 43. Rbe1 Rd6 44. Kf2 Qc6 
45. Rb5 Qc7 46. Qb2 Kg8 47. Ra1 Kh8 48. Qe2 Rc6 49. Re5 Qd6 50. Ra2 Ra7 
51. Ra1 Ra8 52. Rb5 Rc5 53. Re1 Rc6 54. Ra1 Kh7 55. Qe5 Qe7 56. Kg2 Ra6 
57. Qe2 Qd6 58. Kh3 Ra7 59. Qe5 Qd7 60. g4 Rc5 61. Rxc5 fxg4+ 62. Kxg4 bxc5 
63. Qe4+ Kh8 64. Rb1 Qd6 65. Rb7 Rxb7 66. Qxb7 Qd8 67. Qe4 Qc8 68. Kg3 Qe8 
69. a5 Qc8 70. Qe5 Qc6 71. f5 exf5 72. Kf4 Qc8 73. a6 Qxa6 74. Qxc5 Qa8 
75. Qxf5 Qb8+ 76. Qe5 Qb2 77. c5 Qh2+ 78. Ke4 Qe2+ 79. Kd5 Qf3+ 80. Kxd4 Qg4+ 
81. Kc3 Qa4 82. Qb8+ Kh7 83. Qd6 Qa3+ 84. Kc4 Qa4+ 85. Kd5 Qa2+ 86. Kc6 Qa7 
87. Kb5 Qb7+ 88. Ka5 Qa7+ 89. Kb4 Qb7+ 90. Kc3 Qa8 91. c6 Qa5+ 92. Kd4 Qa1+ 
93. Ke4 Qh1+ 94. Ke5 Qh3 95. Qg6+ Kh8 96. Kd6 Qh2+ 97. Kd7 Qh3+ 98. Kd8 Qh4+ 
99. Kc8 Qe1 100. c7 Qa5 101. Kb7 Qd5+ 102. Qc6 Qb3+ 103. Qb6 Qd5+ 104. Kb8 Qe5 
105. d4 Qh2 106. d5 Kh7 107. Qg6+ Kg8 108. Kb7 Qb2+ 109. Kc6 Qc3+ 110. Kd7 Qh3+ 
111. Qe6+ Qxe6+ 112. Kxe6 Kh7 113. Kf7 g6 114. c8=Q gxh5 115. Qg8# 1-0

[Event "Saturday Night Engine Tour 13 rd Swiss 5m+1s Starts at 2200hrs ST"]
[Site "Infinity Chess"]
[Date "2018.1.13"]
[Round "1"]
[White "OlivierEvan"]
[Black "Pirate"]
[Result "1/2-1/2"]
[ECO "A06"]
[WhiteElo "2475"]
[BlackElo "2569"]
[WhiteEngine "Houdini 6"]
[BlackEngine "asmFishW_20_bmi2_CTG"]
[EventType "Swiss"]
[WhiteTeam ""]
[BlackTeam ""]
[PlyCount "53"]
[TimeControl "300+1"]

1. Nf3 d5 2. d4 Nf6 3. g3 c5 4. Bg2 cxd4 5. O-O h6 6. b3 e6 7. Bb2 Bc5 
8. Nxd4 e5 9. Nb5 Nc6 10. Bxd5 Bh3 11. Bg2 Bxf2+ 12. Kxf2 Qb6+ 13. e3 Rd8 
14. Qe2 Ng4+ 15. Kg1 Bxg2 16. Qxg2 O-O 17. N1a3 Qxe3+ 18. Kh1 Rd2 19. Bc1 Rxg2 
20. Bxe3 Rxh2+ 21. Kg1 f5 22. Bc5 Rf6 23. Nxa7 Rh3 24. Kg2 Rh2+ 25. Kg1 Rh3 
26. Kg2 Rh2+ 27. Kg1 1/2-1/2

[Event "Saturday Night Engine Tour 13 rd Swiss 5m+1s Starts at 2200hrs ST"]
[Site "Infinity Chess"]
[Date "2018.1.13"]
[Round "1"]
[White "SkyPilot"]
[Black "MiKachomiKa QueeN"]
[Result "1-0"]
[ECO "C53"]
[WhiteElo "2582"]
[BlackElo "2477"]
[WhiteEngine "stockfish_x64_bmi2_2018_01_01_CTG"]
[BlackEngine "Raubfisch X37b1_CTG"]
[EventType "Swiss"]
[WhiteTeam ""]
[BlackTeam ""]
[PlyCount "187"]
[TimeControl "300+1"]

1. e4 e5 2. Nf3 Nc6 3. Bc4 Bc5 4. c3 Nf6 5. d3 d6 6. O-O O-O 7. h3 h6 8. Re1 a5 
9. Nbd2 Be6 10. Bb5 Qb8 11. Nf1 Qa7 12. Re2 a4 13. Ng3 Rfb8 14. Bxc6 bxc6 
15. Rc2 Rd8 16. d4 Bb6 17. Be3 Qa5 18. Qd2 Kh7 19. Qd3 Ng8 20. c4 Ne7 
21. Rd1 Ng6 22. Nf5 exd4 23. N3xd4 Bd7 24. f4 Re8 25. Ng3 Rad8 26. Nde2 Be6 
27. Qa3 Bxe3+ 28. Qxe3 Bc8 29. Kh2 c5 30. Nh5 f5 31. Neg3 Re7 32. Re2 Rf8 
33. Qd3 fxe4 34. Qc2 Qa8 35. Rde1 Nh4 36. Rxe4 Ref7 37. Re8+ Kg8 38. Ne4 Nf5 
39. Nc3 Qb7 40. Nxa4 Qc6 41. Rxf8+ Rxf8 42. Nc3 Qd7 43. Qe4 Qf7 44. Qd5 Kh7 
45. Ng3 Nd4 46. b3 Be6 47. Qe4+ Kg8 48. Rf1 Bd7 49. Qd3 Bc6 50. Nge2 Nxe2 
51. Qxe2 g5 52. g3 Kg7 53. Rf2 Qf6 54. Nd5 Bxd5 55. cxd5 Qd4 56. a4 Re8 
57. Qc2 Qxd5 58. fxg5 hxg5 59. Qc3+ Qe5 60. Qf3 Qe6 61. a5 d5 62. Qh5 Qg6 
63. Qg4 Re6 64. Rf5 Kh7 65. a6 Rxa6 66. h4 Ra1 67. Re5 Rf1 68. Kg2 Rf7 
69. Rxd5 Rg7 70. Re5 Kg8 71. Rxg5 Qc2+ 72. Kh3 Rxg5 73. Qxg5+ Kf7 74. Qd5+ Kf6 
75. h5 Ke7 76. h6 Kf6 77. Kg4 Qg6+ 78. Kf3 Qb1 79. Kf4 Qc1+ 80. Kg4 Qc2 
81. Qf3+ Ke7 82. Qf5 Qd1+ 83. Kh4 Qd4+ 84. g4 c4 85. bxc4 Qd6 86. Qe4+ Kf8 
87. Kg5 Qd8+ 88. Kh5 Qd6 89. Qf5+ Ke7 90. Qg5+ Kf8 91. Qg7+ Ke8 92. Qg6+ Kd7 
93. Qxd6+ cxd6 94. h7 1-0

[Event "Saturday Night Engine Tour 13 rd Swiss 5m+1s Starts at 2200hrs ST"]
[Site "Infinity Chess"]
[Date "2018.1.13"]
[Round "1"]
[White "pablo"]
[Black "xeonrocks"]
[Result "1/2-1/2"]
[ECO "C50"]
[WhiteElo "2508"]
[BlackElo "2594"]
[WhiteEngine "asmFishW_2017-12-20_bmi2_CTG"]
[BlackEngine "asmFishW_bmi2.exe_CTG"]
[EventType "Swiss"]
[WhiteTeam ""]
[BlackTeam ""]
[PlyCount "114"]
[TimeControl "300+1"]

1. e4 e5 2. Nf3 Nc6 3. Bc4 Bc5 4. O-O Nf6 5. d3 d6 6. c3 a5 7. Re1 Ba7 8. h3 O-O 
9. Bb5 h6 10. Nbd2 Ne7 11. d4 Ng6 12. Ba4 Bd7 13. Nf1 b5 14. Bc2 Re8 15. a4 b4 
16. Ng3 c5 17. dxe5 dxe5 18. Bb3 bxc3 19. bxc3 c4 20. Bxc4 Rc8 21. Qb3 Be6 
22. Bxe6 Rxe6 23. Qc2 Rec6 24. Bd2 Bc5 25. c4 Ba7 26. Qc3 Rxc4 27. Qxa5 Qxa5 
28. Bxa5 Ra8 29. Bd2 Bd4 30. Rec1 Rxc1+ 31. Rxc1 Rxa4 32. Nxd4 Rxd4 33. Rc8+ Kh7 
34. Be3 Rd1+ 35. Kh2 Nf4 36. Rc7 Rd7 37. Rc5 Nd3 38. Rc2 g6 39. f3 Kg7 
40. Nf1 Ne8 41. Rc3 Nc7 42. Bb6 Ne6 43. Ne3 Ndf4 44. Nc4 g5 45. g3 Ng6 
46. Ra3 h5 47. Kg2 h4 48. Ra7 Rxa7 49. Bxa7 Kf6 50. Bb6 hxg3 51. Kxg3 Ke7 
52. Be3 Nef4 53. Bxf4 exf4+ 54. Kg4 f6 55. e5 Nxe5+ 56. Nxe5 fxe5 57. Kxg5 e4 
1/2-1/2

[Event "Saturday Night Engine Tour 13 rd Swiss 5m+1s Starts at 2200hrs ST"]
[Site "Infinity Chess"]
[Date "2018.1.13"]
[Round "1"]
[White "Thor"]
[Black "MarioDeMonti"]
[Result "1-0"]
[ECO "C50"]
[WhiteElo "2626"]
[BlackElo "2519"]
[WhiteEngine "asmFishW_2017-11-19_bmi2"]
[BlackEngine "stockfish_x64_bmi2_2018_01_01_CTG"]
[EventType "Swiss"]
[WhiteTeam ""]
[BlackTeam ""]
[PlyCount "97"]
[TimeControl "300+1"]

1. e4 e5 2. Nf3 Nc6 3. Bc4 Bc5 4. O-O Nf6 5. d3 d6 6. c3 O-O 7. Nbd2 a5 
8. Re1 Ba7 9. Nf1 Be6 10. Bb5 Ne7 11. d4 exd4 12. Nxd4 c6 13. Ba4 Ng6 
14. Bc2 Bd7 15. Ng3 Re8 16. f4 b5 17. h3 Bc5 18. Bd2 b4 19. Qf3 Nh4 20. Qf2 Ng6 
21. Rad1 h6 22. Qf3 Nh4 23. Qf1 Ng6 24. Kh2 Qb8 25. Ndf5 Qc7 26. Qf3 Bxf5 
27. Nxf5 Rad8 28. g3 Qb6 29. Re2 Qa7 30. Bc1 Ne7 31. Nh4 bxc3 32. bxc3 Nd7 
33. Rde1 Qc7 34. Bb3 Rb8 35. Qh5 Rxb3 36. axb3 Nf6 37. Qf3 d5 38. exd5 cxd5 
39. Be3 Ng6 40. Bxc5 Rxe2+ 41. Rxe2 Nxh4 42. Qe3 Nf5 43. Qe5 Qxc5 44. Qxf5 Qb5 
45. c4 Qxb3 46. cxd5 Qd1 47. Rb2 Kh8 48. g4 Qd4 49. Re2 1-0

[Event "Saturday Night Engine Tour 7 Rd Swiss 12m+1s Starts at 2200hrs ST"]
[Site "Infinity Chess"]
[Date "2018.1.7"]
[Round "7"]
[White "koalachess"]
[Black "neófito"]
[Result "1/2-1/2"]
[ECO "C11"]
[WhiteElo "2274"]
[BlackElo "2406"]
[WhiteEngine "stockfish_8_x64_CTG"]
[BlackEngine "BrainFish_180106_x64_bmi2_CTG"]
[EventType "Swiss"]
[WhiteTeam ""]
[BlackTeam ""]
[PlyCount "44"]
[TimeControl "720+1"]

1. e4 e6 2. d4 d5 3. Nc3 Nf6 4. e5 Nfd7 5. f4 c5 6. Nf3 Nc6 7. Be3 Qb6 
8. Na4 Qa5+ 9. c3 c4 10. b4 Qc7 11. Be2 b5 12. Nc5 Nxc5 13. bxc5 a5 14. a3 Rb8 
15. O-O b4 16. cxb4 axb4 17. axb4 Rxb4 18. Bd2 Rb3 19. Rb1 Ra3 20. Ra1 Rb3 
21. Rb1 Ra3 22. Ra1 Rb3 1/2-1/2

[Event "Saturday Night Engine Tour 7 Rd Swiss 12m+1s Starts at 2200hrs ST"]
[Site "Infinity Chess"]
[Date "2018.1.7"]
[Round "7"]
[White "Coco69"]
[Black "OlivierEvan"]
[Result "1/2-1/2"]
[ECO "B40"]
[WhiteElo "2424"]
[BlackElo "2342"]
[WhiteEngine "asmFishW_2017-11-19_popcnt_CTG"]
[BlackEngine "Houdini 6"]
[EventType "Swiss"]
[WhiteTeam ""]
[BlackTeam ""]
[PlyCount "290"]
[TimeControl "720+1"]

1. e4 c5 2. Nf3 e6 3. Nc3 a6 4. d4 cxd4 5. Nxd4 Qc7 6. Bd3 Nf6 7. O-O Bc5 
8. Nb3 Be7 9. f4 d6 10. e5 dxe5 11. fxe5 Qxe5 12. Bf4 Qh5 13. Be2 Qh4 14. g3 Qh3 
15. Ne4 e5 16. Nd6+ Kf8 17. Bxe5 Nc6 18. Bxf6 gxf6 19. Nxc8 Qxc8 20. Bh5 Ne5 
21. Nd4 Rg8 22. Kg2 Qc4 23. c3 Rd8 24. Qe2 Qd5+ 25. Bf3 Nxf3 26. Qxf3 Rg5 
27. Rad1 h5 28. Kh3 Re5 29. a4 Qxf3 30. Rxf3 Kg8 31. Rf4 Rd7 32. Rd2 Red5 
33. Re2 Bd8 34. Nf5 Kh7 35. Nh4 Kg7 36. Ree4 Bc7 37. Rf3 Rg5 38. Nf5+ Kg6 
39. Nh4+ Kg7 40. Nf5+ Kg6 41. Re7 Rxf5 42. Rxd7 Rxf3 43. Rxc7 b5 44. axb5 axb5 
45. Rb7 Rf5 46. Kg2 Rd5 47. Kf3 f5 48. h4 Re5 49. Rd7 f6 50. Rd4 Kf7 51. Rd8 Kg6 
52. Rg8+ Kf7 53. Rb8 Kg7 54. Kf2 Kf7 55. Kf3 Kg7 56. Rb6 Kg6 57. Rd6 Re1 
58. Rd5 Re5 59. Rd6 Re1 60. Rd5 Re5 61. Rd7 Re1 62. Rd4 Re8 63. Rb4 Re5 
64. Kg2 Re2+ 65. Kf1 Re5 66. Kg1 Kg7 67. Kg2 Kf7 68. Kf3 Kg6 69. Kf2 Kf7 
70. Kf1 Kg6 71. Kg1 Kg7 72. Kf2 Kf7 73. Rf4 Ke7 74. Rd4 Kf7 75. Rd7+ Ke6 
76. Rb7 Rc5 77. Rb6+ Kf7 78. Ke3 Re5+ 79. Kd3 Rd5+ 80. Ke3 Re5+ 81. Kf2 Rc5 
82. Rb8 Re5 83. Rb7+ Kg6 84. Kf3 Rd5 85. Rb8 Re5 86. Ra8 Re4 87. Rg8+ Kf7 
88. Rb8 Re5 89. Kf2 Kg6 90. Rb7 Kh6 91. Rb6 Kg6 92. Kf3 Kf7 93. Rd6 Re4 
94. Rd7+ Kg6 95. Rd4 Re8 96. Rd1 Re4 97. b3 Kf7 98. Rd7+ Ke6 99. Rb7 Re5 
100. b4 Rd5 101. Ke2 Re5+ 102. Kf2 Rd5 103. Rb6+ Ke7 104. Ke3 Re5+ 105. Kd2 Rd5+ 
106. Kc2 Re5 107. Kd3 Rd5+ 108. Kc2 Re5 109. Rb7+ Kd6 110. Kd2 Rd5+ 
111. Ke3 Re5+ 112. Kd2 Rd5+ 113. Ke2 Re5+ 114. Kd3 Rd5+ 115. Kc2 Re5 
116. Kd3 Rd5+ 117. Ke3 Re5+ 118. Kf4 Ke6 119. Rb6+ Kf7 120. Rd6 Kg6 121. Kf3 Re7 
122. Rd5 Re5 123. Rd4 Re1 124. Rd3 Re4 125. Rd5 Re5 126. Rc5 Kf7 127. Kf4 Ke6 
128. Rc6+ Kf7 129. Rc5 Ke6 130. Rc6+ Kf7 131. c4 bxc4 132. Rxc4 Rb5 133. Ke3 Ke6 
134. Kd4 Kd6 135. Kc3 Rb8 136. Rf4 Ke5 137. Kb3 Rg8 138. Rf3 Ke4 139. Rf4+ Ke5 
140. Rf3 Ke4 141. Rc3 Rb8 142. Rc5 Rg8 143. Rc3 Rb8 144. Ka4 Ra8+ 145. Kb3 Rb8 
1/2-1/2

[Event "Saturday Night Engine Tour 7 Rd Swiss 12m+1s Starts at 2200hrs ST"]
[Site "Infinity Chess"]
[Date "2018.1.7"]
[Round "7"]
[White "RonWeasley"]
[Black "Dovahkiin"]
[Result "1/2-1/2"]
[ECO "A00"]
[WhiteElo "2439"]
[BlackElo "2382"]
[WhiteEngine "BrainFish 261217_CTG"]
[BlackEngine "BrainFish_180106_x64_modern_CTG"]
[EventType "Swiss"]
[WhiteTeam ""]
[BlackTeam ""]
[PlyCount "35"]
[TimeControl "720+1"]

1. a3 e5 2. e3 d5 3. d4 exd4 4. exd4 Nf6 5. Nc3 c6 6. Bd3 Bd6 7. Qe2+ Be7 
8. Nf3 O-O 9. O-O Re8 10. Ne5 c5 11. Nxd5 Nxd5 12. Bxh7+ Kxh7 13. Qh5+ Kg8 
14. Qxf7+ Kh7 15. Qh5+ Kg8 16. Qf7+ Kh7 17. Qh5+ Kg8 18. Qf7+ 1/2-1/2

[Event "Saturday Night Engine Tour 7 Rd Swiss 12m+1s Starts at 2200hrs ST"]
[Site "Infinity Chess"]
[Date "2018.1.7"]
[Round "7"]
[White "KillBill2017"]
[Black "KULLANI"]
[Result "1/2-1/2"]
[ECO "C53"]
[WhiteElo "2418"]
[BlackElo "2444"]
[WhiteEngine "Raubfisch ME262_GTZ16b1_CTG"]
[BlackEngine "Raubfisch ME262_GTZ16b1._CTG"]
[EventType "Swiss"]
[WhiteTeam ""]
[BlackTeam ""]
[PlyCount "104"]
[TimeControl "720+1"]

1. e4 e5 2. Nf3 Nc6 3. Bc4 Bc5 4. c3 Nf6 5. d3 d6 6. O-O a5 7. Bg5 O-O 8. a4 h6 
9. Bh4 g5 10. Bg3 Kg7 11. Na3 Ne7 12. Nc2 Bb6 13. Ne3 Ng6 14. Bb3 Bxe3 
15. fxe3 Nh5 16. Be1 g4 17. Nd2 Qg5 18. Qe2 f5 19. exf5 Bxf5 20. g3 e4 
21. d4 Ne7 22. c4 Nf6 23. Bc2 b6 24. Nb1 Nh7 25. d5 Kg8 26. b4 axb4 27. Bxb4 Qh5 
28. h4 Bg6 29. Rxf8+ Rxf8 30. Nd2 Qe5 31. Qe1 Nf6 32. Nf1 Nd7 33. a5 bxa5 
34. Rxa5 Qf5 35. Bc3 Ne5 36. Bxe5 Qxe5 37. Ra7 c6 38. dxc6 Nxc6 39. Ra6 Ne7 
40. Qd2 Rf6 41. Qa5 Qxa5 42. Rxa5 Nc6 43. Ra8+ Kg7 44. Nd2 Ne5 45. Bxe4 Nxc4 
46. Bxg6 Nxd2 47. Bh5 Ne4 48. Re8 Nxg3 49. Re7+ Kh8 50. Re8+ Kg7 51. Re7+ Kh8 
52. Re8+ Kg7 1/2-1/2

[Event "Saturday Night Engine Tour 7 Rd Swiss 12m+1s Starts at 2200hrs ST"]
[Site "Infinity Chess"]
[Date "2018.1.7"]
[Round "7"]
[White "Tiger"]
[Black "Vimtiroba"]
[Result "1/2-1/2"]
[ECO "C50"]
[WhiteElo "2433"]
[BlackElo "2448"]
[WhiteEngine "BrainFish_171111_x64_bmi2"]
[BlackEngine "SF@17 T3_CTG"]
[EventType "Swiss"]
[WhiteTeam ""]
[BlackTeam ""]
[PlyCount "149"]
[TimeControl "720+1"]

1. e4 e5 2. Nf3 Nc6 3. Bc4 Bc5 4. O-O Nf6 5. d3 a6 6. a4 d6 7. Re1 O-O 8. c3 Ba7 
9. h3 h6 10. Nbd2 Re8 11. b4 Be6 12. Bxe6 Rxe6 13. Qc2 Qd7 14. Rb1 Ree8 
15. Nf1 b5 16. Be3 Bxe3 17. Nxe3 Ne7 18. c4 Ng6 19. Kh2 Nf4 20. Red1 bxa4 
21. Ra1 a5 22. b5 Ne6 23. Rxa4 Nc5 24. Ra3 a4 25. Nf5 Kh8 26. Ng3 Kg8 27. Ne2 c6 
28. Nc3 cxb5 29. cxb5 Rac8 30. Nd2 d5 31. exd5 e4 32. dxe4 Qc7+ 33. g3 Ncxe4 
34. Ndxe4 Nxe4 35. d6 Nxd6 36. Qxa4 Qc5 37. Ra2 Rb8 38. Qf4 Nxb5 39. Nd5 Rbc8 
40. Rb2 Rcd8 41. Rbd2 Rd6 42. h4 Rde6 43. Qf5 Qc6 44. Rc2 Nd6 45. Qd3 Qa4 
46. Kg2 Re1 47. Rxe1 Rxe1 48. Rc7 Kf8 49. Qh7 Qe4+ 50. Qxe4 Rxe4 51. Rd7 Nc4 
52. Rc7 Nd6 53. h5 Re5 54. Nf4 Re1 55. Nd3 Re2 56. Kf3 Ra2 57. g4 Ra3 
58. Ke2 Ra2+ 59. Ke3 Ra3 60. Ke2 Ra2+ 61. Kd1 Ne4 62. Ke1 Nd6 63. Rc6 Ke7 
64. Rc7+ Kf8 65. f3 Ra3 66. Ke2 Nb5 67. Rc8+ Ke7 68. Rc4 Nd6 69. Rc6 Ke6 
70. f4 Ke7 71. Ne5 Ra2+ 72. Kf3 Ra3+ 73. Ke2 Ra2+ 74. Kf3 Ra3+ 75. Ke2 1/2-1/2